 Dungeon Crawl Stone Soup version 0.25.0-26-g0c896c7088 (webtiles) character file.

Game seed: 116321370763312017

517 protoss039 the Chiller (level 7, 0/36 HPs)
             Began as a Deep Elf Ice Elementalist on July 2, 2020.
             Slain by a gnoll
             ... wielding a +0 spear
              (11 damage)
             ... on level 4 of the Dungeon.
             The game lasted 00:10:23 (4169 turns).

protoss039 the Chiller (Deep Elf Ice Elementalist)  Turns: 4169, Time: 00:10:23

Health: 0/36       AC:  4    Str:  5    XL:     7   Next: 0%
Magic:  7/19       EV: 13    Int: 22    God:
Gold:   187        SH:  0    Dex: 15    Spells: 9/20 levels left

rFire    . . .     SeeInvis .   t - +2 dagger (venom)
rCold    . . .     Gourm    .   (no shield)
rNeg     . . .     Faith    .   a - +0 robe
rPois    .         Spirit   .   (no helmet)
rElec    .         Reflect  .   (no cloak)
rCorr    .         Harm     .   l - +1 pair of gloves
MR       .....                  (no boots)
Stlth    ++........             (no amulet)
HPRegen  0.12/turn              (no ring)
MPRegen  0.16/turn              (no ring)

@: very slightly contaminated
A: no striking features
a: no special abilities


You were on level 4 of the Dungeon.
You were hungry.

You visited 1 branch of the dungeon, and saw 4 of its levels.

You collected 187 gold pieces.

Inventory:

Hand Weapons
 t - a +2 dagger of venom (weapon)
Armour
 a - a +0 robe (worn)
 l - a +1 pair of gloves (worn)
Jewellery
 p - a cursed -4 ring of evasion {unknown}
Scrolls
 b - 3 scrolls of remove curse {unknown}
 d - a scroll of magic mapping {unknown}
 e - 2 scrolls of noise {unknown}
 f - 2 scrolls of identify {unknown}
 j - a scroll of immolation {unknown}
 m - a scroll of random uselessness {unknown}
 n - 3 scrolls of teleportation {unknown}
 o - a scroll of blinking {unknown}
 r - a scroll of fear {unknown}
Potions
 h - a potion of brilliance {unknown}
 i - 2 potions of lignification {unknown}
 q - a potion of might {unknown}
 s - a potion of heal wounds {unknown}
Comestibles
 c - 12 rations


   Skills:
 - Level 0.1 Short Blades
 - Level 2.4 Dodging
 - Level 2.4 Stealth
 + Level 7.0 Spellcasting
 + Level 0.3 Conjurations
 + Level 7.4 Ice Magic


You had 9 spell levels left.
You knew the following spells:

 Your Spells              Type           Power        Failure   Level  Hunger
a - Freeze                Ice            ####         1%          1    None
b - Frozen Ramparts       Ice            #####.       1%          3    None
c - Ozocubu's Armour      Chrm/Ice       ###.....     5%          3    None
d - Hailstorm             Conj/Ice       ###.....     16%         4    ###....

Your spell library contained the following spells:

 Spells                   Type           Power        Failure   Level  Hunger
 Summon Ice Beast         Ice/Summ       ###.....     17%         4    ###....


Dungeon Overview and Level Annotations

Branches:
Dungeon (4/15)
 Temple: D:4-7

Altars:
Dithmenos


Message History

A gnoll is nearby!
Casting: Freeze (safe; 1% risk of failure)
Confirm with . or Enter, or press ? or * to list all spells.
The spell is quite dangerous to cast (16% risk of failure)!
Continue anyway?
A cannonade of hail descends around you!
The hail misses the gnoll.
Casting: Hailstorm (quite dangerous; 16% risk of failure)
Confirm with . or Enter, or press ? or * to list all spells.
The spell is quite dangerous to cast (16% risk of failure)!
Continue anyway?
You miscast Hailstorm.
You are very lightly contaminated with residual magic.
Nothing appears to happen.
You are feeling hungry.
The gnoll hits you from afar with a +0 spear!
Casting: Hailstorm (quite dangerous; 16% risk of failure)
Confirm with . or Enter, or press ? or * to list all spells.
The spell is quite dangerous to cast (16% risk of failure)!
Continue anyway?
You miscast Hailstorm.
You shiver with cold!
The gnoll hits you from afar with a +0 spear!
You die...

..##..#...............##.### #.##
......#...............#....##..##
..##...............##..##.###...#
######...#..#...#.###..##.....###
#...#.###..#..#### ##...#.....##
#+.8.#.#.......## #....#.....##
.#...#.........g######..........#
.#...#...........##.#............
#'.8.'......###.@.............##.
.#†..###..O.#####..............<.
.#...# #.....##.).)##............
#+.8.# ###...##..####...........)
#...# ##..#.....##...##..#....
##### #..............#....#..
#..#..#..#..>.####.###.
##.##.#####.### ####.. ###### ###
##.


You could see a gnoll.

Vanquished Creatures
  An ogre (D:4)
  A howler monkey (D:4)
  2 hounds (D:4)
  2 orc priests (D:4)
  2 orc wizards (D:4)
  A bullfrog skeleton (D:4)
  A worker ant (D:4)
  A hound skeleton (D:4)
  6 adders
  An ooze (D:1)
  3 worms
  2 dart slugs (D:1)
  6 leopard geckos
  9 orcs
  A giant cockroach (D:3)
  9 goblins
  4 hobgoblins
  4 jackals
  9 kobolds
  3 quokkas
  2 ball pythons
  7 bats
  5 frilled lizards
  2 rats
84 creatures vanquished.

Notes
Turn   | Place    | Note
-------+----------+-------------------------------------------
     0 | D:1      | protoss039 the Deep Elf Ice Elementalist began the quest
                  | for the Orb.
     0 | D:1      | Reached XP level 1. HP: 10/10 MP: 6/6
    36 | D:1      | Reached XP level 2. HP: 12/15 MP: 0/8
    69 | D:1      | Reached skill level 5 in Ice Magic
  1157 | D:1      | Reached XP level 3. HP: 19/19 MP: 7/9
  1162 | D:1      | Learned a level 3 spell: Frozen Ramparts
  1647 | D:2      | Reached XP level 4. HP: 24/24 MP: 8/12
  2077 | D:2      | Learned a level 3 spell: Ozocubu's Armour
  2082 | D:2      | Learned a level 4 spell: Hailstorm
  2572 | D:3      | Found a shadowy altar of Dithmenos.
  2990 | D:4      | Reached skill level 5 in Spellcasting
  2990 | D:4      | Reached XP level 5. HP: 28/28 MP: 9/14
  3118 | D:4      | Reached XP level 6. HP: 32/32 MP: 14/16
  4093 | D:4      | Reached XP level 7. HP: 17/36 MP: 15/19
  4169 | D:4      | Slain by a gnoll

Illustrated notes

Levels and vault maps discovered:
D:1:      scummos_arrival_forest, layout_basic
D:2:      layout_basic
D:3:      layout_loops_ring, grunt_dithmenos_smoke_and_mirrors, first_ration,
          kennysheep_generic_room_4
D:4:      minmay_chambers_of_threes, layout_cave_pools, lemuel_crystal_altar,
          serial_column_ruins, column_ruins_hut, column_ruins_hut,
          column_ruins_corridor_water, column_ruins_corridor_straight,
          column_ruins_open_tiny, column_ruins_open_small_water

Skill      XL: |  1  2  3  4  5  6 |
---------------+-------------------+-----
Ice Magic      | 5 6 7 |  7.4
Spellcasting   | 4 5 7 |  7.0
Short Blades   | |  0.1
Dodging        | |  2.4
Stealth        | |  2.4
Conjurations   | |  0.3

Action                   |  1- 3 |  4- 6 |  7- 9 || total
-------------------------+-------+-------+-------++-------
Melee: Short sword       |    32 |     4 |       ||    36
       Dagger            |       |    32 |       ||    32
 Cast: Freeze            |    31 |    36 |       ||    67
       Frozen Ramparts   |     4 |    16 |       ||    20
       Hailstorm         |       |     4 |     1 ||     5
  Use: Potion            |       |     1 |       ||     1
 Stab: Sleeping          |     1 |     2 |       ||     3
  Eat: Chunk             |     2 |     9 |       ||    11
Armor: Robe              |    15 |     8 |       ||    23
Dodge: Dodged            |    50 |    43 |       ||    93
